 Dungeon Crawl Stone Soup version 0.30-a0-476-g330ca2eb8e (webtiles) character file.

Game seed: 555749556090977088

34966 bmack86 the Severer (level 13, -6/118 HPs)
             Began as a Minotaur Fighter on Dec 21, 2022.
             Was a High Priest of Okawaru.
             Mangled by a black mamba (9 damage)
             ... on level 4 of the Lair of Beasts.
             The game lasted 01:03:10 (13539 turns).

bmack86 the Severer (Minotaur Fighter)             Turns: 13539, Time: 01:03:10

Health: -6/118     AC: 33    Str: 24    XL:     13   Next: 45%
Magic:  14/15      EV: 11    Int:  5    God:    Okawaru [*****.]
Gold:   826        SH: 10    Dex: 15    Spells: 12/12 levels left

rFire   . . .      SeeInvis .    B - +0 broad axe (chaos)
rCold   . . .      Faith    .    R - +2 buckler {reflect}
rNeg    + . .      Spirit   .    p - +5 chain mail of the Solstice {Contam rN+ Will+ Dex+3}
rPois   .          Reflect  +    (helmet restricted)
rElec   .          Harm     .    C - +1 cloak
rCorr   .          Rampage  .    q - +2 pair of gloves
Will    +....                    I - +2 pair of boots {Fly}
Stlth   +.........               (no amulet)
HPRegen 0.39/turn                k - +4 ring of protection
MPRegen 0.14/turn                d - ring of Shadows {Umbra +Inv Stlth+}

@: heroic, flying, wreathed by umbra, studying Conjurations
A: horns 2, retaliatory headbutt
a: Renounce Religion, Evoke Invisibility, Heroism, Finesse, Duel


You were on level 4 of the Lair of Beasts.
You worshipped Okawaru.
Okawaru was extremely pleased with you.
You visited 3 branches of the dungeon, and saw 15 of its levels.
You also visited: Sewer.

You collected 1090 gold pieces.
You spent 264 gold pieces at shops.

Inventory:

Hand Weapons
 a - a +0 war axe of protection
 s - the +7 lajatang of Riural {antimagic, rPois Will+ Str+7}
   (You found it in a sewer)

   It reduces the magical energy of the wielder, and disrupts the spells and
   magical abilities of those it strikes.
   Natural abilities and divine invocations are not affected.
   Str:       It affects your strength (+7).
   rPois:     It protects you from poison.
   Will:      It increases your willpower.
 B - a +0 broad axe of chaos (weapon)
Missiles
 h - 23 poisoned darts
 i - 3 throwing nets
 y - a curare-tipped dart
 D - 15 boomerangs
 M - 2 javelins (quivered)
 Q - 3 silver javelins
 S - 2 atropa-tipped darts
Armour
 e - a +1 pair of gloves
 p - the +5 chain mail of the Solstice (worn) {Contam rN+ Will+ Dex+3}
   (You found it in a sewer)

   Dex:       It affects your dexterity (+3).
   rN:        It protects you from negative energy.
   Contam:    It causes magical contamination when unequipped.
   Will:      It increases your willpower.
 q - a +2 pair of gloves (worn)
 t - a +2 kite shield
 C - a +1 cloak (worn)
 E - a +1 plate armour
 I - a +2 pair of boots of flying (worn)
 K - a +0 troll leather armour
 P - the +7 tower shield "Lashaned" {rElec rPois}
   (You acquired it on level 2 of the Lair of Beasts)

   rElec:     It insulates you from electricity.
   rPois:     It protects you from poison.
 R - a +2 buckler of reflection (worn)
Jewellery
 d - the ring of Shadows (right hand) {Umbra +Inv Stlth+}
   (You found it on level 5 of the Dungeon)

   [ring of stealth]

   It surrounds you with an aura of shadow, increasing your stealth and reducing
   the accuracy of all others within it.
   +Inv:      It lets you turn invisible.
   Stlth:     It makes you more stealthy.
 k - a +4 ring of protection (left hand)
Wands
 b - a wand of flame (13)
 c - a wand of iceblast (4)
Scrolls
 l - 2 scrolls of amnesia
 n - 5 scrolls of fog
 r - 3 scrolls of blinking
 u - 4 scrolls of teleportation
 G - 2 scrolls of magic mapping
 O - a scroll of fear
 U - a scroll of enchant weapon {unknown}
Potions
 f - 4 potions of curing
 g - 4 potions of mutation
 j - 3 potions of brilliance
 m - a potion of attraction
 v - 2 potions of invisibility
 w - 4 potions of haste
 x - 2 potions of flight
 z - a potion of resistance {unknown}
 A - a potion of berserk rage {unknown}
 F - 3 potions of lignification
 H - 3 potions of degeneration
 J - a potion of heal wounds {unknown}
 L - a potion of ambrosia {unknown}
 N - a potion of might
Miscellaneous
 o - a box of beasts
 T - a box of beasts


   Skills:
 + Level 12.2(17.2) Fighting
 * Level 16.0(21.0) Axes
 - Level 8.0(13.0) Throwing
 + Level 12.1(17.1) Armour
 + Level 12.1(17.1) Shields
 - Level 5.0 Invocations


You had 12 spell levels left.
You didn't know any spells.
Your spell library contained the following spells:

 Spells                   Type           Power      Damage    Failure   Level
 Beastly Appendage        Tmut           0%         N/A       92%         1
 Freeze                   Ice            0%         1d3       92%         1
 Ensorcelled Hibernation  Hex/Ice        0%         N/A       98%         2
 Wereblood                Tmut           0%         N/A       98%         2
 Frozen Ramparts          Ice            0%         1d1       100%        3
 Hailstorm                Conj/Ice       0%         3d3       100%        3
 Ignite Poison            Fire/Tmut/Pois 0%         N/A       100%        3
 Kindle Blastsparks       Fire/Tloc/Air  0%         2d10      100%        3
 Spider Form              Tmut/Pois      0%         N/A       100%        3
 Anguish                  Hex/Necr       0%         N/A       100%        4
 Leda's Liquefaction      Hex/Erth       0%         N/A       100%        4
 Freezing Cloud           Conj/Ice/Air   0%         6-21      100%        5
 Lee's Rapid Deconstruct  Erth           0%         3d4*      100%        5
 Yara's Violent Unravell  Hex/Tmut       0%         3d3       100%        5
 Statue Form              Tmut/Erth      0%         N/A       100%        6
 Enfeeble                 Hex            0%         N/A       100%        7


Dungeon Overview and Level Annotations

Branches:
Dungeon (10/15)            Temple (1/1) D:5            Lair (4/5) D:10
  Swamp (0/4) Lair:3        Snake (0/4) Lair:3        Slime (0/5) Lair:4
  Sewer (visited)
    Orc: D:9-12

Altars:
Ashenzari
Cheibriados
Dithmenos
Elyvilon
Fedhas
Gozag
Hepliaklqana
Kikubaaqudgha
Makhleb
Nemelex Xobeh
Okawaru
Qazlal
Ru
Sif Muna
Trog
Uskayaw
Vehumet
Wu Jian
Xom
Yredelemnul
Zin
The Shining One
Jiyva

Shops:
D:2 [   D:6 *   D:9 :   D:10 *


Innate Abilities, Weirdness & Mutations

You have a pair of horns on your head.
You reflexively headbutt those who attack you in melee.


Message History

The 12-headed hydra is almost dead.
You miss the black mamba. You slash the black mamba!
The black mamba barely misses you.
The black mamba bites you but does no damage.
The boulder beetle curls into a ball and begins rolling!
The 12-headed hydra bites you but does no damage. x2
You block the 12-headed hydra's attack.
The 12-headed hydra bites you but does no damage.
The 12-headed hydra bites you.
* * * LOW HITPOINT WARNING * * *
The 12-headed hydra closely misses you. You block the 12-headed hydra's attack.
The 12-headed hydra bites you but does no damage.
You block the 12-headed hydra's attack. x2
The 12-headed hydra bites you but does no damage. x2
The black mamba bites you but does no damage. x2
You slice one of the 12-headed hydra's heads off!
The 11-headed hydra grows two more!
You slash the 13-headed hydra!
The 13-headed hydra is almost dead.
You barely miss the black mamba. You miss the black mamba.
The black mamba bites you but does no damage. x2
You chop one of the 13-headed hydra's heads off!
The 12-headed hydra grows two more!
You slash the 14-headed hydra!
The 14-headed hydra appears confused.
The 14-headed hydra is almost dead.
You hit the black mamba. You slash the black mamba!
The black mamba seems to slow down.
You freeze the black mamba. The black mamba bites you.
* * * LOW HITPOINT WARNING * * *
The black mamba misses you. You furiously retaliate!
You headbutt the black mamba.
The black mamba attacks as you move away!
The black mamba barely misses you. You furiously retaliate!
You headbutt the black mamba!
The 14-headed hydra is no longer moving slowly.
You block the black mamba's attack. x2
The boulder beetle hits you!!
* * * LOW HITPOINT WARNING * * *
The boulder beetle stops rolling and uncurls.
The black mamba bites you!
You die...

.................................
.............................#..#
.#.P.#.#................#####..##
.#.....#...............#######..#
.+....#.#.#.#.#.P#..#..##...##...
...#.............#.....##.>.##...
......#.......#..#.....##.._.'...
...##....>......P#.....#######...
......#B@......## ##...
.(...°○SS.D.....#####...P
...°°.#..##.####.....#..#
........#.##.###.....####
#.#.#.#.................. ##.
###.###.####.##.###.# # .## ##
###### ### #


You could see a boulder beetle (very poisoned), a 14-headed hydra (confused) and
2 black mambas.

Vanquished Creatures
  Rupert (Lair:4)
  2 hydras (Lair:4)
  An anaconda (Lair:3)
  2 alligators (Lair:3)
  A two-headed ogre (D:9)
  6 death yaks (Lair:3)
  A fire crab (Lair:3)
  A bog body (Lair:3)
  An ugly thing (D:8)
  12 elephants
  A manticore (Lair:3)
  A black mamba (Lair:2)
  A rime drake (Lair:2)
  5 cane toads
  5 komodo dragons
  4 polar bears
  3 trolls (D:10)
  Grinder (D:4)
  Prince Ribbit (D:5)
  A hornet (Lair:3)
  9 blink frogs
  Sigmund (D:3)
  A wraith (D:10)
  The ghost of tnk the Sneak, an amateur DEAE (D:5)
  3 wyverns
  2 shadows
  33 yaks
  2 basilisks (Lair:3)
  5 steam dragons
  Eustachio (D:5)
  Menkaure (D:5)
  2 nagas (Lair:3)
  9 water moccasins
  5 orc warriors
  4 ice beasts
  3 black bears
  A sky beast (D:7)
  An ogre (D:5)
  12 wolves
  8 centaurs
  Blork the orc (D:4)
  A kobold brigand (D:8)
  13 bullfrogs
  A necrophage (D:4)
  3 gnoll sergeants
  3 scorpions (D:4)
  8 wights
  3 electric eels (Lair:3)
  2 hounds
  5 orc priests
  2 jellies
  3 gnoll boudas
  Crazy Yiuf (D:5)
  7 iguanas
  Natasha (thrice) (D:2)
  13 orc wizards
  Robin (D:3)
  13 adders
  28 gnolls
  A white imp (D:7)
  An ufetubus (D:5)
  2 worms
  2 dart slugs
  24 orcs
  10 endoplasms
  14 giant cockroaches
  12 goblins
  13 hobgoblins
  3 jackals (D:4)
  12 kobolds
  6 quokkas
  13 ball pythons
  7 bats
  11 frilled lizards
  8 rats
405 creatures vanquished.

Vanquished Creatures (others)
  4 fungi
  17 plants
21 creatures vanquished.

Grand Total: 426 creatures vanquished

Notes
Turn   | Place    | Note
-------+----------+-------------------------------------------
     0 | D:1      | bmack86 the Minotaur Fighter began the quest for the Orb.
     0 | D:1      | Reached XP level 1. HP: 19/19 MP: 0/0
   403 | D:1      | Reached XP level 2. HP: 27/27 MP: 1/1
   516 | D:1      | Reached skill level 3 in Axes
   873 | D:2      | Found Fotwool's Antique Armour Shop.
   873 | D:2      | Noticed Natasha
   880 | D:2      | Killed Natasha
   881 | D:2      | Reached XP level 3. HP: 27/33 MP: 2/2
   984 | D:2      | Reached skill level 1 in Throwing
  1022 | D:2      | You fall into a shaft and drop 1 floor!
  1045 | D:3      | Noticed Robin
  1050 | D:3      | Reached XP level 4. HP: 35/40 MP: 3/3
  1058 | D:3      | Killed Robin
  1338 | D:2      | Noticed Natasha
  1354 | D:2      | Killed Natasha
  1355 | D:2      | Reached skill level 4 in Axes
  1500 | D:2      | Reached XP level 5. HP: 47/47 MP: 4/4
  1572 | D:2      | Noticed Natasha
  1575 | D:2      | Killed Natasha
  1824 | D:3      | Noticed Sigmund
  1843 | D:3      | Killed Sigmund
  1844 | D:3      | Reached skill level 5 in Axes
  1844 | D:3      | Reached XP level 6. HP: 47/53 MP: 5/5
  2541 | D:2      | Bought a pair of gloves for 117 gold pieces
  2572 | D:4      | Found a snail-covered altar of Cheibriados.
  2611 | D:4      | Reached skill level 5 in Shields
  2632 | D:4      | Reached skill level 5 in Fighting
  2632 | D:4      | Reached skill level 5 in Armour
  2859 | D:4      | Noticed Grinder
  2877 | D:4      | Paralysed by Grinder for 4 turns
  2884 | D:4      | Paralysed by Grinder for 2 turns
  2888 | D:4      | Paralysed by Grinder for 3 turns
  2894 | D:4      | Killed Grinder
  2895 | D:4      | Reached skill level 6 in Axes
  2895 | D:4      | Reached XP level 7. HP: 8/61 MP: 6/6
  3009 | D:4      | Found a glowing drain.
  3018 | Sewer    | Entered a sewer
  3266 | Sewer    | Identified the +7 lajatang of Riural {antimagic, rPois
                  | Will+ Str+7}
  3267 | Sewer    | Identified the +5 chain mail of the Solstice {Contam rN+
                  | Will+ Dex+3}
  3555 | D:4      | Noticed Blork the orc
  3570 | D:4      | Killed Blork the orc
  3794 | D:4      | Found a bloodstained altar of Trog.
  4032 | D:4      | Reached skill level 7 in Axes
  4032 | D:4      | Reached XP level 8. HP: 70/70 MP: 7/7
  4247 | D:5      | Entered Level 5 of the Dungeon
  4263 | D:5      | Noticed Menkaure
  4391 | D:5      | Killed Menkaure
  4465 | D:5      | Noticed Prince Ribbit
  4495 | D:5      | Killed Prince Ribbit
  4668 | D:5      | Identified the +10 hammer "Tazyu" {elec, rPois Stlth+}
  4675 | D:5      | Found a runed translucent door.
  4676 | D:5      | Noticed Crazy Yiuf
  4706 | D:5      | Reached skill level 8 in Axes
  4878 | D:5      | Found a glowing silver altar of Zin.
  4895 | D:5      | Found a stormy altar of Qazlal.
  5025 | D:5      | Found a transporter.
  5052 | D:5      | Noticed tnk's ghost (amateur DEAE)
  5052 | D:5      | Found the ring of Shadows {Umbra +Inv Stlth+}
  5085 | D:5      | Noticed Eustachio
  5112 | D:5      | Killed Eustachio
  5113 | D:5      | Reached XP level 9. HP: 61/78 MP: 8/8
  5165 | D:5      | Found a transporter.
  5293 | D:5      | Found a staircase to the Ecumenical Temple.
  5299 | Temple   | Entered the Ecumenical Temple
  5525 | D:6      | Found a broken altar of Ashenzari.
  5575 | D:6      | Reached skill level 9 in Axes
  5764 | D:6      | Found an opulent altar of Gozag.
  6159 | D:6      | Found Gozag's Platinum Reserve.
  6304 | D:2      | Bought a cloak for 117 gold pieces
  6454 | D:7      | Reached skill level 5 in Throwing
  6473 | D:7      | Found a shimmering blue altar of Sif Muna.
  6603 | D:7      | Reached skill level 10 in Axes
  6782 | D:7      | Found an iron altar of Okawaru.
  6787 | D:7      | Became a worshipper of Warmaster Okawaru
  6822 | D:7      | Found a hazy altar of Hepliaklqana.
  6968 | D:7      | Reached XP level 10. HP: 88/88 MP: 9/9
  7474 | D:5      | Killed Crazy Yiuf
  7564 | D:5      | Killed tnk's ghost
  7924 | D:8      | Reached * piety under Okawaru
  7997 | D:8      | Found a white marble altar of Elyvilon.
  8110 | D:8      | Noticed a brown ugly thing
  8122 | D:8      | Killed a brown ugly thing
  8123 | D:8      | Reached skill level 11 in Axes
  8494 | D:9      | Noticed a two-headed ogre
  8499 | D:9      | Killed a two-headed ogre
  8499 | D:9      | Reached ** piety under Okawaru
  8637 | D:9      | Reached skill level 1 in Invocations
  8731 | D:9      | Found Hoqeh's Book Shoppe.
  8822 | D:9      | Reached skill level 12 in Axes
  9151 | D:9      | Found an ornate altar of the Wu Jian Council.
  9249 | D:10     | Entered Level 10 of the Dungeon
  9261 | D:10     | Found Uskait's Changing Room.
  9272 | D:10     | Bought a potion of lignification for 30 gold pieces
  9393 | D:10     | Found a radiant altar of Vehumet.
  9402 | D:10     | Reached XP level 11. HP: 94/97 MP: 9/11
  9473 | D:10     | Reached *** piety under Okawaru
  9683 | D:10     | Found a sparkling altar of Nemelex Xobeh.
  9843 | D:10     | Found a staircase to the Lair.
 10253 | Lair:1   | Entered Level 1 of the Lair of Beasts
 10316 | Lair:1   | Found a hazy altar of Hepliaklqana.
 10342 | Lair:1   | You are sucked into a shaft and drop 1 floor!
 10351 | Lair:2   | Received a gift from Okawaru
 10408 | Lair:2   | Reached **** piety under Okawaru
 10412 | Lair:2   | Reached skill level 10 in Fighting
 10414 | Lair:2   | Reached skill level 13 in Axes
 10417 | Lair:2   | Reached skill level 10 in Armour
 10418 | Lair:2   | Reached skill level 10 in Shields
 10455 | Lair:2   | Reached ***** piety under Okawaru
 10554 | Lair:2   | Received a gift from Okawaru
 10559 | Lair:2   | Found a gate leading to a gauntlet.
 10574 | Lair:2   | Received a gift from Okawaru
 10576 | Lair:2   | Reached XP level 12. HP: 102/107 MP: 6/14
 10798 | Lair:2   | Reached skill level 14 in Axes
 10880 | Lair:2   | Found a snail-covered altar of Cheibriados.
 11005 | Lair:2   | Received a gift from Okawaru
 11267 | Lair:2   | Identified 2 scrolls of acquirement
 11267 | Lair:2   | Acquired a +2 buckler of reflection
 11283 | Lair:2   | Acquired the +7 tower shield "Lashaned" {rElec rPois}
 11302 | Lair:3   | Reached skill level 5 in Invocations
 11305 | Lair:3   | Found a staircase to the Snake Pit.
 11520 | Lair:3   | Found a staircase to the Swamp.
 11782 | Lair:3   | Noticed a death yak
 11782 | Lair:3   | Noticed a death yak
 11783 | Lair:3   | Noticed a death yak
 11792 | Lair:3   | Killed a death yak
 11799 | Lair:3   | Killed a death yak
 11799 | Lair:3   | Received a gift from Okawaru
 11803 | Lair:3   | Killed a death yak
 11808 | Lair:3   | Killed a death yak
 11812 | Lair:3   | Noticed an alligator
 11832 | Lair:3   | Killed an alligator
 11869 | Lair:3   | Noticed an anaconda
 11878 | Lair:3   | Killed an anaconda
 11878 | Lair:3   | Received a gift from Okawaru
 11879 | Lair:3   | Reached skill level 15 in Axes
 11882 | Lair:3   | HP: 4/110 [poisoned by a water moccasin]
 11957 | Lair:3   | Reached XP level 13. HP: 36/116 MP: 8/15
 11985 | Lair:3   | Received a gift from Okawaru
 12308 | Lair:3   | Identified the +0 chain mail of an ice cave {Contam rPois
                  | Int+4 Dex+2} (Okawaru gifted it to you on level 3 of the
                  | Lair of Beasts)
 12308 | Lair:3   | Received a gift from Okawaru
 12946 | Lair:4   | Found an opulent altar of Gozag.
 13076 | Lair:4   | Noticed Rupert
 13079 | Lair:4   | Paralysed by Rupert for 2 turns
 13088 | Lair:4   | Killed Rupert
 13335 | Lair:4   | Reached skill level 16 in Axes
 13487 | Lair:4   | Found a viscous altar of Jiyva.
 13487 | Lair:4   | Found a staircase to the Slime Pits.
 13539 | Lair:4   | HP: 3/118 [boulder beetle (26)]
 13539 | Lair:4   | Mangled by a black mamba

Illustrated notes

Levels and vault maps discovered:
D:1:      psy_arrival_fountain, layout_basic, minmay_quantized
D:2:      minmay_recursive_quarters, layout_rooms, serial_shops, shop,
          uniq_natasha
D:3:      layout_loops_corners, uniq_robin, uniq_sigmund
D:4:      minmay_chambers_of_threes, layout_gridville, lemuel_crystal_altar,
          mainiacjoe_overflow_boulevard, portal_sewer_entry_d, uniq_grinder,
          uniq_blork_the_orc
D:5:      layout_cave_pools, lemuel_crystal_altar, mainiacjoe_overflow_catwalk,
          minmay_temple_entry_fiery, gammafunk_ghost_gnarly_gnolls,
          uniq_crazy_yiuf_cottage, uniq_menkaure, uniq_eustachio,
          uniq_prince_ribbit1
D:6:      layout_cave_pools, nicolae_gozag_zags_fifth_avenue,
          mainiacjoe_overflow_paths, kennysheep_small_circle
D:7:      layout_basic, lemuel_doored_altar, kennysheep_orc_sif_temple,
          worldfamousw_hep_ancestral_shrine
D:8:      layout_loops_ring, elyvilon_altar_4
D:9:      layout_long_grid, pdpol_wu_jian_five_deadly_venoms, serial_shops,
          nicolae_shop_trees
D:10:     layout_loops_ring, vehumet_crystals, amcnicky_altar_gilded,
          david_lair_shrubbed, nicolae_transmutations_shop
Temple:   dpeg_three_leaves_temple
Lair:1:   layout_misc_corridors, basic_altar, serial_bayou_shore_b, uniq_amaemon
Lair:2:   layout_big_grid, gauntlet_entry_generic, lemuel_centaur_altar,
          grunt_megastairs_5, infiniplex_staircase_pool, lemuel_fruit_tree
Lair:3:   layout_gridlike, skrybe_swamp_entry_bodies,
          guppyfry_snake_entry_island, nicolae_lair_lakeside_cave
Lair:4:   layout_regular_city, dpeg_slime_entry_enclosed, basic_altar,
          minivault_11, st_stairs_4, uniq_rupert

Skill      XL: |  1  2  3  4  5  6  7  8  9 10 11 12 13 |
---------------+----------------------------------------+-----
Axes           | 3 4 5 6 7 8 10 12 13 15 16 | 16.0
Fighting       | 4 5 6 8 9 10 11 12 | 12.2
Armour         | 4 5 6 8 9 10 11 12 | 12.1
Shields        | 4 5 6 8 9 10 11 12 | 12.1
Throwing       | 1 2 3 4 5 6 7 8 |  8.0
Invocations    | 2 4 5 |  5.0

Action                   |  1- 3 |  4- 6 |  7- 9 | 10-12 | 13-15 || total
-------------------------+-------+-------+-------+-------+-------++-------
Melee: War axe           |    45 |   125 |   233 |       |       ||   403
       Headbutt          |     8 |    18 |    70 |   112 |    29 ||   237
       Broad axe         |       |       |    69 |   441 |    98 ||   608
Throw: Dart              |    31 |       |       |     2 |     1 ||    34
       Throwing net      |     1 |     2 |       |       |       ||     3
       Javelin           |       |       |       |    14 |    11 ||    25
Invok: Heroism           |       |       |       |    27 |     6 ||    33
       Finesse           |       |       |       |     4 |     2 ||     6
  Use: Scroll            |     3 |     5 |     2 |    13 |     3 ||    26
       Potion            |       |       |       |     3 |       ||     3
 Stab: Held in net/web   |     1 |     1 |       |       |       ||     2
       Confused          |       |       |       |     3 |       ||     3
       Paralysed         |       |       |       |     2 |       ||     2
Armor: Scale mail        |    38 |    80 |    33 |       |       ||   151
       Chain mail        |       |       |   241 |   266 |   110 ||   617
Dodge: Dodged            |    29 |    73 |   168 |   138 |    63 ||   471
Block: Buckler           |     8 |    28 |   112 |    71 |    72 ||   291
       Kite shield       |       |       |       |   258 |       ||   258

Table legend: (Time is in decaauts)
 A = Elapsed time spent in this place.
 B = Non-inter-level travel time spent in this place.
 C = Inter-level travel time spent in this place.
 D = Time resting spent in this place.
 E = Time spent auto-exploring this place.
 F = Levels seen in this place.
 G = Mean time per level.
                   A        B        C        D        E       F      G
               +--------+--------+--------+--------+--------+-----+--------+
         Total |  13643 |  13065 |    578 |   1005 |   7283 |  16 |  852.7 |
       Dungeon |   9763 |   9195 |    568 |    599 |   5290 |  10 |  976.3 |
        Temple |     84 |     84 |      0 |      0 |     58 |   1 |   84.0 |
          Lair |   3190 |   3180 |     10 |    406 |   1603 |   4 |  797.5 |
         Sewer |    605 |    605 |      0 |      0 |    331 |   1 |  605.0 |
               +--------+--------+--------+--------+--------+-----+--------+

Top non-repeatable levels by time:
  Lair:3: 1480 daAuts
     D:5: 1474 daAuts
     D:4: 1361 daAuts
     D:3: 1062 daAuts
     D:7: 1010 daAuts
    D:10: 997 daAuts
  Lair:2: 922 daAuts
     D:1: 865 daAuts
     D:6: 832 daAuts
     D:9: 749 daAuts
     D:2: 727 daAuts
  Lair:4: 697 daAuts
     D:8: 682 daAuts
   Sewer: 605 daAuts
  Lair:1: 89 daAuts
